AoeStats
← 精锐蒙古突骑

Black Forest

510521356Analyzed
2v2 RM · 6h ago on Oct 1, 2026· 12m 48s· 4 players
Game mode
Random Map
Map size
Medium (4 player)
Population
200
Speed
Normal
Resources
Standard
Victory
Conquest
Starting age
Dark Age
Ending age
Imperial Age
RankedLock teamsTeams togetherTeam positionsShared explorationLock speedFull tech treeHidden civsTurbo modeCheats
Victory
Defeat
🇨🇦 Saracens · Canada
1469
+10
🇩🇪 Celts · Germany
1399
+14
🇦🇷 Celts · Argentina
1335
-12
🇨🇳 Mongols · China
1334
-12
[FORD]DarkHorse
6:01 Loom
10:04 Feudal Age
11:26 Fletching
Unimpressed
0:44 Loom
11:38 Feudal Age
12:27 Double-Bit Axe
13:12 Fletching
我没医保我不上
2:18 Loom
13:51 Feudal Age
精锐蒙古突骑
1:37 Loom
12:10 Feudal Age
Connection lost

Rejoining the realm…

Still unreachable

The connection could not be restored.

Session expired

The server has moved on; the page needs a fresh start.